 Dungeon Crawl Stone Soup version 0.27-a0-765-ge4d627daa3 (webtiles) character file.

Game seed: 3390231992353150458

279 shoop the Cutter (level 6, -7/46 HPs)
             Began as a Djinni Monk on Mar 25, 2021.
             Was a Believer of Uskayaw.
             Splashed by a jelly's acid (10 damage)
             ... on level 5 of the Dungeon.
             The game lasted 00:06:15 (3741 turns).

shoop the Cutter (Djinni Monk)                      Turns: 3741, Time: 00:06:16

Health: -7/46      AC: -2    Str: 10    XL:     6   Next: 26%
Gold:   208        EV: 13    Int: 13    God:    Uskayaw [**....] SH:  0 Dex: 16

rFire    + + .     SeeInvis .   f - +0 dagger (elec)
rCold    x . .     Faith    .   (no shield)
rNeg     . . .     Spirit   .   a - +0 robe
rPois    ∞         Reflect  .   (no helmet)
rElec    .         Harm     .   (no cloak)
rCorr    .         Rampage  .   (no gloves)
Will     .....                  (boots unavailable)
Stlth    ++........             (no amulet)
HPRegen  0.15/turn              i - +4 ring of protection
MPRegen  0.00/turn              (no ring)

@: corroded, flying
A: fire resistance 2, cold vulnerability 1, float, innate caster, hp casting,
extra vitality 1
a: Renounce Religion, Stomp, Line Pass


You were on level 5 of the Dungeon.
You worshipped Uskayaw.
Uskayaw was noncommittal.
You visited 1 branch of the dungeon, and saw 5 of its levels.

You collected 208 gold pieces.

Inventory:

Hand Weapons
 f - a +0 dagger of electrocution (weapon)
Missiles
 d - 54 poisoned darts (quivered)
Armour
 a - a +0 robe (worn)
Jewellery
 i - a +4 ring of protection (right hand)
Scrolls
 e - a scroll of enchant armour {unknown}
 g - a scroll of fog {unknown}
 h - a scroll of vulnerability {unknown}
 j - 2 scrolls of enchant weapon
 k - a scroll of teleportation
 n - a scroll of blinking {unknown}
 q - 2 scrolls of immolation {unknown}
 s - a scroll of fear {unknown}
Potions
 b - 2 potions of degeneration {unknown}
 c - 2 potions of berserk rage
 l - a potion of curing {unknown}
 m - a potion of might {unknown}
 o - 2 potions of flight {unknown}
 p - a potion of cancellation {unknown}
 r - a potion of attraction {unknown}


   Skills:
 - Level 3.2 Fighting
 + Level 3.5 Short Blades
 - Level 3.2 Dodging
 - Level 1.5 Stealth
 - Level 3.4 Unarmed Combat
 + Level 3.0 Spellcasting


You had 8 spell levels left.
You knew the following spells:

 Your Spells              Type           Power      Damage    Failure   Level
a - Sting                 Tmut/Pois      36%        1d4       7%          1
b - Passwall              Tmut/Erth      7%         N/A       10%         2
Your spell library was empty.

Dungeon Overview and Level Annotations

Branches:
Dungeon (5/15)
 Temple: D:4-7

Altars:
Okawaru
Uskayaw

Shops:
D:5 (


Innate Abilities, Weirdness & Mutations

You are immune to poison.
Your flesh is very heat resistant. (rF++)
You are vulnerable to cold. (rC-)
You float through the air rather than walking.
You learn spells naturally, not from books.
Your magical power is your life essence.
You have superior vitality. (+4 HP)


Message History

You are too injured to fight recklessly!
You are too injured to fight recklessly!
You are too injured to fight recklessly!
You closely miss the water moccasin.
The water moccasin is almost dead.
The water moccasin completely misses you.
You hit the water moccasin but do no damage.
The water moccasin is severely wounded.
The jelly misses you.
The water moccasin bites you but does no damage.
You closely miss the water moccasin.
The water moccasin is severely wounded.
The water moccasin misses you. The jelly hits you but does no damage.
You closely miss the water moccasin.
The water moccasin is severely wounded.
The water moccasin bites you but does no damage.
The jelly hits you. The acid corrodes you!
You are splashed with acid!
* * * LOW HITPOINT WARNING * * *
You hit the water moccasin.
The water moccasin is almost dead.
The water moccasin misses you. The jelly barely misses you.
You hit the water moccasin but do no damage.
The water moccasin is almost dead.
The water moccasin bites you.
* * * LOW HITPOINT WARNING * * *
The water moccasin bites you.
* * * LOW HITPOINT WARNING * * *
The jelly closely misses you.
You hit the water moccasin.
The water moccasin is almost dead.
The water moccasin misses you.
You hit the water moccasin but do no damage.
The water moccasin is almost dead.
The jelly closely misses you. The water moccasin barely misses you.
You miss the water moccasin.
The water moccasin is almost dead.
The jelly hits you.
* * * LOW HITPOINT WARNING * * *
The acid corrodes you!
You are splashed with acid!
You die...

....# ....# ...... ....#
..... #...#
.......##...# #...##
........#...####. #....#
........#........ #....#
........#........ #....#
........#S....... #....#
<.......#@J...... ###'##
........#.#...##.
#....###........∩....#
#......#.......#.#...#
#......#.......#........
.......#.......#........
.......'.......+........
########.......###...##.
...............#####


You could see a water moccasin and a jelly.

Vanquished Creatures
  A phantom (D:4)
  A bullfrog zombie (D:5)
  A hound (D:4)
  A worker ant (D:4)
  2 adders
  3 dart slugs
  2 orcs
  6 ball pythons
  5 bats
  6 endoplasms
  7 giant cockroaches
  7 goblins
  7 hobgoblins
  9 jackals
  4 quokkas
  3 frilled lizards
  5 kobolds
  11 rats
81 creatures vanquished.

Notes
Turn   | Place    | Note
-------+----------+-------------------------------------------
     0 | D:1      | shoop the Djinni Monk began the quest for the Orb.
     0 | D:1      | Reached XP level 1. HP: 20/20 MP: 0/0
   213 | D:1      | Reached XP level 2. HP: 24/25 MP: 0/0
   581 | D:1      | Reached XP level 3. HP: 20/30 MP: 0/0
   581 | D:1      | Learned a level 1 spell: Sting
   725 | D:1      | Reached skill level 1 in Short Blades
  1216 | D:2      | Reached skill level 1 in Spellcasting
  2070 | D:3      | Reached XP level 4. HP: 35/35 MP: 0/0
  2637 | D:4      | Reached XP level 5. HP: 40/40 MP: 0/0
  2637 | D:4      | Learned a level 2 spell: Passwall
  2674 | D:4      | Noticed a phantom
  2688 | D:4      | Killed a phantom
  3226 | D:4      | Reached XP level 6. HP: 38/46 MP: 0/0
  3580 | D:4      | Found an iron altar of Okawaru.
  3633 | D:5      | Entered Level 5 of the Dungeon
  3650 | D:5      | Found a hide-covered altar of Uskayaw.
  3653 | D:5      | Became a worshipper of Uskayaw the Reveller
  3653 | D:5      | Reached * piety under Uskayaw
  3705 | D:5      | Found Alakkouf's Weapon Shoppe.
  3722 | D:5      | Noticed a water moccasin
  3730 | D:5      | Reached ** piety under Uskayaw
  3741 | D:5      | Splashed by a jelly's acid

Illustrated notes

Levels and vault maps discovered:
D:1:      minmay_arrival_four_houses, layout_loops_ring
D:2:      layout_basic, hangedman_abyss_or_decor_lesser_grid,
          kennysheep_big_empty_room
D:3:      layout_rooms
D:4:      layout_loops_corners, lemuel_crystal_altar
D:5:      layout_gridville, kennysheep_mini, nicolae_overflow_hidden_temple,
          lemuel_round_altar, kennysheep_mini_moat, grunt_gozag_statues,
          minmay_temple_entry_junction, serial_shops, nicolae_shop_crystal,
          okawaru_gym_becter, uniq_crazy_yiuf_cottage, uniq_ijyb, uniq_eustachio

Skill      XL: |  1  2  3  4  5  6 |
---------------+-------------------+-----
Short Blades   | 1 2 3 |  3.5
Spellcasting   | 1 2 3 |  3.0
Fighting       | |  3.2
Dodging        | |  3.2
Stealth        | |  1.5
Unarmed Combat | |  3.4

Action                   |  1- 3 |  4- 6 || total
-------------------------+-------+-------++-------
Melee: Unarmed           |    46 |       ||    46
       Dagger            |    75 |   137 ||   212
       Punch             |     2 |     1 ||     3
  Use: Scroll            |     2 |     1 ||     3
 Stab: Sleeping          |     5 |     2 ||     7
Armor: Robe              |    25 |    42 ||    67
Dodge: Dodged            |    68 |    87 ||   155

Table legend: (Time is in decaauts)
 A = Elapsed time spent in this place.
 B = Non-inter-level travel time spent in this place.
 C = Inter-level travel time spent in this place.
 D = Time resting spent in this place.
 E = Time spent auto-exploring this place.
 F = Levels seen in this place.
 G = Mean time per level.
                   A        B        C        D        E       F      G
               +--------+--------+--------+--------+--------+-----+--------+
         Total |   3713 |   3573 |    140 |      0 |   3012 |   5 |  742.6 |
       Dungeon |   3713 |   3573 |    140 |      0 |   3012 |   5 |  742.6 |
               +--------+--------+--------+--------+--------+-----+--------+

Top non-repeatable levels by time:
     D:1: 1046 daAuts
     D:2: 1007 daAuts
     D:4: 1003 daAuts
     D:3: 552 daAuts
     D:5: 103 daAuts
